 Dungeon Crawl Stone Soup version 0.15.0-27-gbdb0435 (console) character file.

865 gw the Twirler (level 7, -1/61 HPs)
             Began as a Minotaur Gladiator on Sept 11, 2014.
             Was an Elder of Makhleb.
             Slain by an orc warrior
             ... wielding a +0 halberd
              (18 damage)
             ... on Level 6 of the Dungeon.
             The game lasted 00:04:05 (5852 turns).

gw the Twirler (Minotaur Gladiator)                 Turns: 5852, Time: 00:04:05

HP  -1/61        AC 14     Str 18 (20) XL: 7   Next: 72%
MP   5/5         EV  5     Int  5      God: Makhleb [****..]
Gold 0           SH  0     Dex 12      Spells:  0 memorised,  6 levels left

rFire  + . .     SeeInvis .     a - +1 quarterstaff
rCold  . . .     Clarity  .     e - +0 plate armour
rNeg   . . .     rCorr    .     (no shield)
rPois  .         rRot     .     c - +0 hat
rElec  .         Spirit   .     (no cloak)
SustAb .         Warding  .     (no gloves)
rMut   .         Stasis   .     o - +2 pair of boots
Gourm  .                        (no amulet)
MR     +....                    i - ring of protection from magic
                                t - ring of protection from fire

@: somewhat resistant to hostile enchantments, extremely unstealthy
A: retaliatory headbutt, horns 2
a: Minor Destruction, Lesser Servant of Makhleb, Major Destruction, Renounce
Religion


You were on level 6 of the Dungeon.
You worshipped Makhleb.
Makhleb was greatly pleased with you.
You were not hungry.

You visited 1 branch of the dungeon, and saw 6 of its levels.

Inventory:

Hand weapons
 a - a +1 quarterstaff (weapon)
Missiles
 d - 3 throwing nets
 k - 179 stones
 q - 6 tomahawks (quivered)
Armour
 c - a +0 hat (worn)
 e - a +0 plate armour (worn)
 o - a +2 pair of boots (worn)
Comestibles
 f - 5 bread rations
 g - 3 meat rations
 r - a royal jelly
 s - a slice of pizza
 v - 5 fruits
Scrolls
 h - a scroll of magic mapping
 l - 2 scrolls of remove curse
 m - a scroll of fear {unknown}
 n - 10 scrolls of identify
 p - a scroll of recharging
Jewellery
 i - a ring of protection from magic (right hand)
 t - a ring of protection from fire (left hand)
Potions
 b - 5 potions of curing
 j - a potion of resistance


   Skills:
 + Level 5.3 Fighting
 * Level 7.1 Staves
 + Level 4.0 Throwing
 + Level 3.9 Armour
 - Level 3.2 Dodging
 + Level 2.7 Invocations


You had 6 spell levels left.
You didn't know any spells.

Dungeon Overview and Level Annotations

Branches:
Dungeon (6/15)             Temple (0/1) D:4

Altars:
Makhleb


Innate Abilities, Weirdness & Mutations

You reflexively headbutt those who attack you in melee.
You have a pair of horns on your head.


Message History

Your headbutt misses the orc warrior.
The orc warrior is lightly wounded.
The orc warrior hits you with a halberd.
ATTACK MOVE TO (-1,1)
You closely miss the orc warrior.
The orc warrior is lightly wounded.
The orc warrior hits your neqoxec with a halberd!
Your neqoxec gestures at the orc warrior.
The orc warrior resists with significant effort.
ATTACK MOVE TO (-1,1)
You sock the orc warrior!
The orc warrior is moderately wounded.
The orc warrior completely misses your neqoxec.
Your neqoxec hits the orc warrior.
ATTACK MOVE TO (-1,1)
You hit the orc warrior.
The orc warrior is severely wounded.
Your neqoxec closely misses the orc warrior.
The orc warrior hits you with a halberd!!
You die...

#.# ########### #.#
#.........# #.#
#$........######.#
#................#
#####............#
######............#####
#....5.).........>.....
#.####H5..........#####
#oo35..#.....#.#
#o####.#.###.#.#### #.
#.#.....#....# #
#.#.....#....##
.#.....#......
.#............
.#....##......
#............


You could see an orc warrior, 2 orcs, a friendly neqoxec, 2 friendly shadow imps
and a friendly ufetubus.

Table legend:
 A = Turns spent in this place as a percentage of turns spent in the entire game.
 B = Non-inter-level travel turns spent in this place as a percentage of non-inter-level travel turns spent in the entire game.
 C = Inter-level travel turns spent in this place as a percentage of turns spent in this place.
 D = Turns resting spent in this place as a percentage of non-inter-level travel turns spent in this place.
 E = Turns spent auto-exploring this place as a percentage of non-inter-level travel turns spent in this place.
 F = Non-inter-level travel turns spent in this place divided by the number of levels of this place that you've seen.
                   A       B       C       D       E      F
               +-------+-------+-------+-------+-------+----------------------
         Total | 100.0 | 100.0 |   1.1 |   2.8 |  11.9 | 385.7
       Dungeon | 100.0 | 100.0 |   1.1 |   2.8 |  11.9 | 385.7
               +-------+-------+-------+-------+-------+----------------------

Table legend:
 A = Kills in this place as a percentage of kills in entire the game.
 B = Kills by you in this place as a percentage of kills by you in the entire game.
 C = Kills by friends in this place as a percentage of kills by friends in the entire game.
 D = Other kills in this place as a percentage of other kills in the entire game.
 E = Experience gained in this place as a percentage of experience gained in the entire game.
 F = Experience gained in this place divided by the number of levels of this place that you have seen.
                   A       B       C       D       E      F
               +-------+-------+-------+-------+-------+----------------------
         Total | 100.0 | 100.0 |  -nan |  -nan | 100.0 | 206.0
       Dungeon | 100.0 | 100.0 |  -nan |  -nan | 100.0 | 206.0
               +-------+-------+-------+-------+-------+----------------------

Vanquished Creatures
  A sky beast (D:5)
  An ogre (D:4)
  A scorpion (D:5)
  2 orc priests
  A goliath beetle (D:6)
  A jelly (D:6)
  A quasit (D:5)
  4 orc wizards
  3 worker ants
  A sky beast zombie (D:5)
  7 adders
  8 green rats (D:5)
  A worm (D:3)
  5 giant geckos
  An ooze (D:1)
  21 orcs
  3 ball pythons (D:1)
  3 giant cockroaches
  12 goblins
  9 hobgoblins
  5 quokkas
  9 bats
  3 giant newts
  A goblin skeleton (D:5)
  16 jackals
  9 kobolds
  33 rats
162 creatures vanquished.

Notes
Turn   | Place    | Note
--------------------------------------------------------------
     0 | D:1      | gw, the Minotaur Gladiator, began the quest for the Orb.
     0 | D:1      | Reached XP level 1. HP: 18/18 MP: 1/1
   361 | D:1      | Reached XP level 2. HP: 25/25 MP: 1/1
   394 | D:1      | Reached skill level 4 in Staves
   417 | D:1      | Reached skill level 1 in Armour
  1418 | D:2      | Reached XP level 3. HP: 27/30 MP: 2/2
  2489 | D:3      | Reached XP level 4. HP: 38/38 MP: 2/2
  2577 | D:3      | Found a burning altar of Makhleb.
  2617 | D:3      | Became a worshipper of Makhleb the Destroyer
  2781 | D:3      | Reached skill level 5 in Staves
  3152 | D:3      | Reached XP level 5. HP: 45/45 MP: 2/2
  3254 | D:3      | Reached skill level 1 in Invocations
  3300 | D:3      | Acquired Makhleb's first power
  3953 | D:4      | Reached XP level 6. HP: 52/52 MP: 2/4
  3995 | D:4      | Acquired Makhleb's second power
  4253 | D:4      | Found a staircase to the Ecumenical Temple.
  4319 | D:4      | Noticed an ogre
  4330 | D:4      | Killed an ogre
  4330 | D:4      | Reached skill level 6 in Staves
  4590 | D:5      | Entered Level 5 of the Dungeon
  4692 | D:5      | Reached XP level 7. HP: 60/60 MP: 4/5
  4894 | D:5      | Acquired Makhleb's third power
  5102 | D:5      | Reached skill level 5 in Fighting
  5123 | D:5      | Acquired Makhleb's fourth power
  5696 | D:6      | Reached skill level 7 in Staves
  5852 | D:6      | Slain by an orc warrior

Action                   |  1- 3 |  4- 6 |  7- 9 || total
-------------------------+-------+-------+-------++-------
Melee: Quarterstaff      |    84 |   150 |    98 ||   332
Throw: Stone             |    74 |     7 |     6 ||    87
       Tomahawk          |       |    88 |    47 ||   135
Invok: Lesser Servant of |       |       |     1 ||     1
  Use: Scroll            |     7 |     3 |       ||    10
       Potion            |     6 |     2 |     3 ||    11
 Stab: Invisible         |       |     1 |       ||     1
       Distracted        |       |       |     1 ||     1
  Eat: Chunk             |     5 |     7 |     4 ||    16

Vault maps used:
D:1:      co_arrival_random_square_maze, hex_medium, serial_bayou_pond_d
D:3:      wad_crossroads, bloody_makhleb, first_bread
D:4:      temple_pool_b
D:5:      lemuel_ratsnest, minivault_26
D:6:      lemuel_castle_with_subvaults
